 Dungeon Crawl Stone Soup version 0.23-a0-171-g5ae17c6 (webtiles) character file.

45 Gildeon the Stinger (level 3, -6/19 HPs)
             Began as a Deep Elf Venom Mage on Sept 14, 2018.
             Shot with an arrow by a centaur (7 damage)
             ... on level 2 of the Dungeon.
             The game lasted 00:08:37 (1574 turns).

Gildeon the Stinger (Deep Elf Venom Mage)           Turns: 1574, Time: 00:08:38

Health: -6/19      AC:  6    Str:  5    XL:     3   Next: 42%
Magic:  3/10       EV: 13    Int: 20    God:
Gold:   129        SH:  0    Dex: 15    Spells: 3/9 levels left

rFire    . . .     SeeInvis .   d - +5 short sword (drain)
rCold    . . .     Gourm    .   (no shield)
rNeg     . . .     Faith    .   a - +0 robe
rPois    .         Spirit   .   (no helmet)
rElec    .         Reflect  .   l - +0 cloak
rCorr    .         Harm     .   (no gloves)
MR       .....                  (no boots)
Stlth    ++........             (no amulet)
HPRegen  0.06/turn              k - +3 ring of protection
MPRegen  0.12/turn              (no ring)

@: very slightly contaminated
A: no striking features
a: no special abilities


You were on level 2 of the Dungeon.
You were not hungry.

You visited 1 branch of the dungeon, and saw 2 of its levels.

You collected 129 gold pieces.

Inventory:

Hand Weapons
 d - a +5 short sword of draining (weapon)
Missiles
 e - 2 throwing nets (quivered)
 i - 15 poisoned needles
Armour
 a - a +0 robe (worn)
 l - a +0 cloak (worn)
Jewellery
 k - a +3 ring of protection (left hand)
Scrolls
 h - 2 scrolls of identify
 m - a scroll of remove curse
 n - a scroll of immolation {unknown}
Potions
 b - a potion of flight
 g - a potion of agility
 j - a potion of curing {unknown}
Comestibles
 c - 3 rations
 f - 2 chunks of flesh


   Skills:
 + Level 3.0 Dodging
 + Level 3.1 Stealth
 + Level 3.6 Spellcasting
 + Level 1.8 Conjurations
 + Level 3.6 Poison Magic


You had 3 spell levels left.
You knew the following spells:

 Your Spells              Type           Power        Failure   Level  Hunger
a - Sting                 Conj/Pois      ##..         4%          1    None
b - Poisonous Vapours     Pois/Air       ##....       10%         2    ##.....
c - Mephitic Cloud        Conj/Pois/Air  ##......     19%         3    ###....

Your spell library contained the following spells:

 Spells                   Type           Power        Failure   Level  Hunger
 Olgreb's Toxic Radiance  Pois           ###.....     28%         4    ####...
 Venom Bolt               Conj/Pois      ##........   75%         5    ######.


Dungeon Overview and Level Annotations

Branches:
Dungeon (2/15)

Altars:


Message History

Aiming: Sting (safe; 4% risk of failure)
Press: ? - help, Shift-Dir - straight line, f/p - centaur
Aim: a centaur (severely wounded, poisoned)
The sting hits the centaur.
The centaur looks even sicker.
The centaur is severely wounded.
The centaur hits you.
* * * LOW HITPOINT WARNING * * *
The centaur barely misses you.
Casting: Sting (safe; 4% risk of failure)
Confirm with . or Enter, or press ? or * to list all spells.
Aiming: Sting (safe; 4% risk of failure)
Press: ? - help, Shift-Dir - straight line, f/p - centaur
Aim: a centaur (severely wounded, poisoned)
The sting hits the centaur.
The centaur looks as sick as possible!
The centaur is almost dead.
The centaur closely misses you.
The centaur wields an uncursed shortbow.
The centaur shoots an arrow.
The arrow closely misses you.
The centaur shoots an arrow.
The arrow hits you!
You die...

.. # # .#
##.#### #.# .#
....... >... .#
#.....###..#.#
.###
#......cbS....
... #(# .# #@#
.# #.# .# #.#
.## #.# ..##
##.####### ...#
#......... ...#
#..####### <).#
######..#######
..##
.^.............


You could see a centaur.

Vanquished Creatures
  An adder (D:2)
  2 dart slugs (D:1)
  A bat (D:1)
  2 giant cockroaches (D:1)
  6 goblins
  3 hobgoblins (D:1)
  2 jackals (D:1)
  4 frilled lizards
  4 kobolds
  6 rats
31 creatures vanquished.

Notes
Turn   | Place    | Note
-------+----------+-------------------------------------------
     0 | D:1      | Gildeon the Deep Elf Venom Mage began the quest for the
                  | Orb.
     0 | D:1      | Reached XP level 1. HP: 10/10 MP: 6/6
    98 | D:1      | Reached XP level 2. HP: 13/15 MP: 2/8
   193 | D:1      | Learned a level 2 spell: Poisonous Vapours
  1104 | D:1      | Reached XP level 3. HP: 19/19 MP: 6/9
  1109 | D:1      | Learned a level 3 spell: Mephitic Cloud
  1561 | D:2      | Noticed a centaur
  1574 | D:2      | Shot with an arrow by a centaur

Vault maps used:
D:1:      arrival_zaba_pyramid

Skill      XL: |  1  2  3 |
---------------+----------+-----
Stealth        | 3 |  3.1
Dodging        | 3 |  3.0
Spellcasting   | |  3.6
Conjurations   | |  1.8
Poison Magic   | |  3.6

Action                   || total
-------------------------++-------
Melee: Unarmed           ||     1
 Cast: Sting             ||    70
  Use: Scroll            ||     6
  Eat: Chunk             ||     2
Armor: Robe              ||     5
Dodge: Dodged            ||    18

Table legend:
 A = Non-vault XP
 B = Vault XP
 C = Vault XP percentage of total XP
 D = Non-vault monster count
 E = Vault monster count
 F = Vault count percentage of total count
                 A         B        C        D         E       F
            +---------+---------+-------+---------+---------+-------
      Total |      65 |       0 |   0.0 |      31 |       0 |   0.0
            +---------+---------+-------+---------+---------+-------
        D:1 |      42 |       0 |   0.0 |      24 |       0 |   0.0
        D:2 |      23 |       0 |   0.0 |       7 |       0 |   0.0
            +---------+---------+-------+---------+---------+-------
